 Dungeon Crawl Stone Soup version 0.29.0-4-gdea44cf6ec (webtiles) character file.

Game seed: 7022061370057085617

55 qw the Chopper (level 3, -1/21 HPs)
             Began as a Tengu Warper on Aug 28, 2022.
             Slain by Terence
             ... wielding a +0 hand axe
              (2 damage)
             ... on level 2 of the Dungeon.
             The game lasted 00:00:14 (1805 turns).

qw the Chopper (Tengu Warper)                       Turns: 1805, Time: 00:00:15

Health: -1/21      AC:  3    Str: 13    XL:     3   Next: 93%
Magic:  7/7        EV: 12    Int: 13    God:
Gold:   60         SH:  0    Dex: 13    Spells: 6/6 levels left

rFire   . . .      SeeInvis .   Y - +0 hand axe
rCold   . . .      Faith    .   (no shield)
rNeg    . . .      Spirit   .   b - +0 leather armour
rPois   .          Reflect  .   (helmet restricted)
rElec   .          Harm     .   (no cloak)
rCorr   .          Rampage  .   (no gloves)
Will    .....                   (boots unavailable)
Stlth   +.........              (no amulet)
HPRegen 0.07/turn               (no ring)
MPRegen 0.10/turn               (no ring)

@: no status effects
A: beak, talons 3
a: no special abilities


You were on level 2 of the Dungeon.
You visited 1 branch of the dungeon, and saw 2 of its levels.

You collected 60 gold pieces.


Innate Abilities, Weirdness & Mutations

You have a beak for a mouth.
You have claws for feet.


   Skills:
 - Level 2.0 Fighting
 + Level 4.5 Axes
 - Level 1.0 Throwing
 - Level 1.1 Armour
 - Level 2.1 Dodging
 - Level 2.0 Spellcasting
 - Level 2.4 Translocations


You had 6 spell levels left.
You didn't know any spells.
Your spell library contained the following spells:

 Spells                   Type           Power      Damage    Failure   Level
 Blink                    Tloc           14%        N/A       19%         2
 Gell's Gravitas          Tloc           7%         N/A       36%         3
 Lesser Beckoning         Tloc           7%         N/A       36%         3
 Teleport Other           Tloc           7%         N/A       36%         3
 Manifold Assault         Tloc           7%         N/A       98%         5

Inventory:

Hand Weapons
 g - a +0 whip
 Y - a +0 hand axe (weapon)
Armour
 b - a +0 leather armour (worn)
Scrolls
 a - a scroll of identify
 c - a scroll of vulnerability {unknown}
 h - a scroll of enchant armour
Potions
 d - a potion of haste {unknown}
 e - a potion of lignification {unknown}
 f - a potion of degeneration {unknown}
 k - 2 potions of attraction {unknown}

Dungeon Overview and Level Annotations

Branches:
Dungeon (2/15)

Altars:

Annotations:
D:2 Terence


Message History

The goblin hits you with a +0 dagger.
You hit the goblin.
You kill the goblin!
You start resting.
HP restored.
You see here a +0 dagger.
Terence is nearby!
Terence shouts!
A frilled lizard comes into view.
You closely miss Terence. Terence hits you with a +0 hand axe.
You barely miss Terence. Terence completely misses you.
You hit Terence. Your kick misses Terence.
Terence is lightly wounded.
Terence barely misses you.
You completely miss Terence. You claw Terence.
Terence is lightly wounded.
Terence hits you with a +0 hand axe. Terence says, "Did you write a will?
You should..."
Terence closely misses you.
You hit Terence. You claw Terence, but do no damage.
Terence is moderately wounded.
You closely miss the frilled lizard. The frilled lizard barely misses you.
Terence hits you with a +0 hand axe.
You hit Terence but do no damage. You claw Terence, but do no damage.
Terence is moderately wounded.
You hit the frilled lizard.
You kill the frilled lizard!
Terence hits you with a +0 hand axe.
You hit Terence.
Terence is heavily wounded.
Terence hits you with a +0 hand axe.
You hit Terence but do no damage. Your kick misses Terence.
Terence is heavily wounded.
Terence barely misses you.
You closely miss Terence. You claw Terence, but do no damage.
Terence is heavily wounded.
Terence hits you with a +0 hand axe.
You die...

.... ###### #.......
#....# ##
#.......#####.# ..
#.......# #.####.#
#.......# #.).@@.#
#.......## #.###%...#
#........####.###.......
................+.......
#####..#.####.###....##.
#............... ...##
#.####.#.####.##.#.##
........).. ..# ...
............... .<


You could see Terence.

Vanquished Creatures
  A dart slug (D:1)
  4 endoplasms
  4 giant cockroaches
  4 goblins
  6 hobgoblins
  2 jackals
  3 quokkas (D:1)
  7 ball pythons
  4 bats
  2 frilled lizards
  9 kobolds
  4 rats
50 creatures vanquished.

Notes
Turn   | Place    | Note
-------+----------+-------------------------------------------
     0 | D:1      | qw the Tengu Warper began the quest for the Orb.
     0 | D:1      | Reached XP level 1. HP: 12/12 MP: 4/4
     0 | D:1      | 0 ||| qw: Version: 0.1-a-89-g26bdef1
     0 | D:1      | 0 ||| qw: Game counter: 1157
     0 | D:1      | 0 ||| qw: Always use a shield: true
     0 | D:1      | 0 ||| qw: God list: Okawaru
     0 | D:1      | 0 ||| qw: Allow faded altars: false
     0 | D:1      | 0 ||| qw: Do Orc after D:15 true
     0 | D:1      | 0 ||| qw: Do second Lair branch before Depths: true
     0 | D:1      | 0 ||| qw: Lair rune preference: random
     0 | D:1      | 0 ||| qw: Plans: Normal
     0 | D:1      | 0 ||| PLANNING D:1-11
   203 | D:1      | 203 ||| Stepping ~*~*~tactically~*~*~ (stealth).
   204 | D:1      | 204 ||| Stepping ~*~*~tactically~*~*~ (stealth).
   207 | D:1      | Reached XP level 2. HP: 17/17 MP: 6/6
   209 | D:1      | Reached skill level 3 in Axes
   329 | D:1      | 329 ||| Stepping ~*~*~tactically~*~*~ (stealth).
   330 | D:1      | 330 ||| Stepping ~*~*~tactically~*~*~ (stealth).
   332 | D:1      | 332 ||| Stepping ~*~*~tactically~*~*~ (stealth).
   333 | D:1      | 333 ||| Stepping ~*~*~tactically~*~*~ (stealth).
   404 | D:1      | 404 ||| Stepping ~*~*~tactically~*~*~ (stealth).
   413 | D:1      | 413 ||| DROPPING +0 club.
   527 | D:1      | 527 ||| Stepping ~*~*~tactically~*~*~ (stealth).
   542 | D:1      | 542 ||| Stepping ~*~*~tactically~*~*~ (stealth).
   543 | D:1      | 543 ||| Stepping ~*~*~tactically~*~*~ (stealth).
   555 | D:1      | 555 ||| Stepping ~*~*~tactically~*~*~ (stealth).
   560 | D:1      | 560 ||| Stepping ~*~*~tactically~*~*~ (stealth).
   703 | D:1      | 703 ||| Stepping ~*~*~tactically~*~*~ (stealth).
   705 | D:1      | 705 ||| Stepping ~*~*~tactically~*~*~ (stealth).
   706 | D:1      | 706 ||| Stepping ~*~*~tactically~*~*~ (stealth).
   717 | D:1      | Reached XP level 3. HP: 21/21 MP: 7/7
   733 | D:1      | 733 ||| Stepping ~*~*~tactically~*~*~ (stealth).
   803 | D:1      | 803 ||| Stepping ~*~*~tactically~*~*~ (stealth).
   825 | D:1      | 825 ||| Stepping ~*~*~tactically~*~*~ (stealth).
   826 | D:1      | 826 ||| Stepping ~*~*~tactically~*~*~ (stealth).
   843 | D:1      | Reached skill level 4 in Axes
  1169 | D:1      | 1169 ||| READING 2 scrolls labelled ZUIPNO ESKIBLO.
  1170 | D:1      | 1170 ||| READING 2 scrolls labelled SEXIEH ITOO.
  1171 | D:1      | 1171 ||| READING 2 scrolls labelled PEBANADOPN.
  1172 | D:1      | 1172 ||| READING scroll labelled CIOHOL HIURA.
  1173 | D:1      | 1173 ||| READING scroll labelled CINOFI YTZIPN.
  1178 | D:1      | 1178 ||| DROPPING scroll of blinking.
  1179 | D:1      | 1179 ||| DROPPING scroll of poison.
  1226 | D:2      | 1226 ||| STAIRDANCE
  1505 | D:2      | Noticed Terence
  1506 | D:2      | 1506 ||| Stepping ~*~*~tactically~*~*~ (stealth).
  1508 | D:2      | 1508 ||| Stepping ~*~*~tactically~*~*~ (stealth).
  1522 | D:2      | 1522 ||| FLEEEEING.
  1523 | D:2      | 1523 ||| FLEEEEING.
  1524 | D:2      | 1524 ||| FLEEEEING.
  1525 | D:2      | 1525 ||| FLEEEEING.
  1535 | D:2      | 1535 ||| FLEEEEING.
  1536 | D:2      | 1536 ||| FLEEEEING.
  1538 | D:2      | 1538 ||| FLEEEEING.
  1547 | D:2      | 1547 ||| STAIRDANCE
  1635 | D:1      | 1635 ||| READING scroll labelled TAANKO RIAPRUW.
  1641 | D:2      | 1641 ||| STAIRDANCE
  1802 | D:2      | HP: 5/21 [Terence/+0 hand axe (5)]
  1803 | D:2      | HP: 1/21 [Terence/+0 hand axe (5)]
  1805 | D:2      | Slain by Terence

Levels and vault maps discovered:
D:1:      giann_bridges, layout_basic, st_stairs_5, minmay_split_cup_small
D:2:      layout_basic, amcnicky_mini_corridor_feature, item_on_display_a,
          uniq_terence

Skill      XL: |  1  2  3 |
---------------+----------+-----
Axes           | 3 4 |  4.5
Fighting       | |  2.0
Throwing       | |  1.0
Armour         | |  1.1
Dodging        | |  2.1
Spellcasting   | |  2.0
Translocations | |  2.4

Action                   || total
-------------------------++-------
Melee: Hand axe          ||   113
       Peck              ||    11
       Kick              ||    29
       Punch             ||     1
Throw: Boomerang         ||     7
  Use: Scroll            ||     6
Armor: Leather armour    ||    19
Dodge: Dodged            ||    64

Table legend:
 A = Non-vault XP
 B = Vault XP
 C = Vault XP percentage of total XP
 D = Non-vault monster count
 E = Vault monster count
 F = Vault count percentage of total count
                 A         B        C        D         E       F
            +---------+---------+-------+---------+---------+-------
      Total |      70 |       9 |  11.4 |      45 |       5 |  10.0
            +---------+---------+-------+---------+---------+-------
        D:1 |      46 |       9 |  16.4 |      29 |       5 |  14.7
        D:2 |      24 |       0 |   0.0 |      16 |       0 |   0.0
            +---------+---------+-------+---------+---------+-------
